 Dungeon Crawl Stone Soup version 0.31-a0-965-g8a8ce12e04 (webtiles) character file.

Game seed: 18437691884891136113

42 Cadnt the Changeling (level 3, -1/15 HPs)
             Began as a Felid Shapeshifter on Oct 26, 2023.
             Slain by Robin the howler monkey (3 damage)
             ... on level 2 of the Dungeon.
             The game lasted 00:03:25 (1021 turns).

Cadnt the Changeling (Felid Shapeshifter)           Turns: 1021, Time: 00:03:26

Health: -1/15      AC:  1    Str: 18    XL:     3   Next: 35%
Magic:  4/4        EV: 17    Int: 11    God:
Gold:   69         SH:  0    Dex: 15    Spells: 2/2 levels left
                                        Lives:  0   Deaths: 1

rFire   x .          .
                       - Unarmed
rCold   + . .        (shield unavailable)
rNeg    . . .        (body armour unavailable)
rPois   .            (helmet unavailable)
rElec   .            (cloak unavailable)
rCorr   .            (gloves unavailable)
SInv    +            (boots unavailable)
Will    .....        (no amulet)
Stlth   +            d - ring of ice
HPRegen 0.22/turn    h - +6 ring of strength
MPRegen 0.09/turn

%: no passive effects
@: beast-form, quick
A: beast (slay +2), very small, claws 1, fangs 3, see invisible, speed 1, shaggy
fur 1, stealthy paws, no weapons or thrown items, no armour, multi-lived
a: Begin Untransformation


You were on level 2 of the Dungeon.
You were a hulking beast.
You visited 1 branch of the dungeon, and saw 2 of its levels.

You collected 69 gold pieces.

Inventory:

Jewellery
 d - a ring of ice (left paw)
 h - a +6 ring of strength (right paw)
Talismans
 b - a beast talisman (active)
 c - a flux talisman
Wands
 e - a wand of polymorph (10)
Potions
 a - a potion of lignification
 f - a potion of heal wounds {unknown}
 g - 2 potions of haste {unknown}
 i - a potion of brilliance
 j - a potion of invisibility {unknown}


   Skills:
 + Level 1.4 Fighting
 * Level 3.3 Dodging
 * Level 3.5 Unarmed Combat
 * Level 3.8 Shapeshifting


You had 2 spell levels left.
You didn't know any spells.
Your spell library was empty.

Dungeon Overview and Level Annotations

Branches:
Dungeon (2/15)

Altars:

Annotations:
D:2 Robin


Innate Abilities, Weirdness & Mutations

You are a hulking beast.
Your limbs bulge with bestial killing power. (Slay +2)
You have sharp claws.
You have razor-sharp teeth.
You have supernaturally acute eyesight. (SInv)
You cover ground quickly. (Speed+)
You are covered in fur. (AC +1)
Your paws help you pounce on unaware monsters.
You are incapable of wielding weapons or throwing items.
You cannot wear armour.
You gain extra lives every three experience levels.


Message History

The goblin shouts!
The goblin unwields a +0 club.
The goblin wields a +0 sling.
The goblin shoots a sling bullet.
The sling bullet closely misses you. The hobgoblin hits you.
The hobgoblin barely misses you.
You claw the hobgoblin!
You kill the hobgoblin!
Robin roars a battlecry!
The goblin goes into a battle-frenzy!
The goblin shoots a sling bullet.
The sling bullet closely misses you.
The goblin shouts!
Attack: -) Teeth and claws
Press: ? - help, Dir - move target, f - you That would be overly suicidal.
Okay, then.
Aiming: Polymorph
Press: ? - help, Shift-Dir - straight line, f - Robin
Aim: Robin, wielding a +2 spear of freezing, wearing a +0 animal skin and wearing a +2 helmet (will become a howler monkey, a ball python, or a jelly, chance to affect: 57%) Robin evaporates and reforms as a howler monkey!
The goblin shoots a sling bullet.
The sling bullet closely misses you.
The goblin shoots a sling bullet.
The sling bullet barely misses you. Robin hits you.
You scratch Robin.
Robin is moderately wounded.
Robin hits you.
The goblin shoots a sling bullet.
The sling bullet closely misses you. Robin hits you!
* * * LOW HITPOINT WARNING * * *
You scratch Robin. Your bite misses Robin.
Robin is heavily wounded.
The ball python barely misses you. The ball python grabs you.
The ball python constricts you.
The goblin shoots a sling bullet.
The sling bullet closely misses you.
Robin hoots and howls with incredible vigour!
The ball python barely misses you. The ball python constricts you.
* * * LOW HITPOINT WARNING * * *
You escape the ball python's grasp.
The goblin shoots a sling bullet.
The sling bullet misses you.
The goblin shoots a sling bullet.
The sling bullet closely misses you. Robin attacks as it pursues you!
Robin hits you.
You die...

......#.. ####..##<...
.........###...###..##
#....##..#.......#..#.
##)...<#>.#.......#.#..
#.......#..............
#.......#..............
.##.......#.........#....
.......S.........#....#..
......)hh.#.#.......##..#
.........>..#.....)......
##.#.........##...........#
#####g....gJ....................#
#.g†ggS...:......................
##g##gJ...g..###.#......####.....
#.# ....... #.#......# #..#.. #.#
...... #.#......# ....#.. #.# ...
#.#........##.##..


You could see Robin the howler monkey (catching breath), an endoplasm, 2 goblins
and a ball python.

Vanquished Creatures
  2 endoplasms
  A giant cockroach (D:1)
  12 goblins
  6 hobgoblins
  4 jackals (D:1)
  A quokka (D:1)
  A bat (D:2)
  2 frilled lizards
  7 rats
36 creatures vanquished.

Notes
Turn   | Place    | Note
-------+----------+-------------------------------------------
     0 | D:1      | Cadnt the Felid Shapeshifter began the quest for the Orb.
     0 | D:1      | Reached XP level 1. HP: 9/9 MP: 2/2
   224 | D:1      | Reached XP level 2. HP: 12/12 MP: 3/3
   846 | D:2      | Noticed Robin
   854 | D:2      | Reached XP level 3. HP: 13/15 MP: 4/4
   857 | D:2      | Identified a scroll of acquirement
   859 | D:2      | Acquired a +6 ring of strength
   861 | D:2      | HP: 1/22 [goblin/+0 dagger[Robin] (2)]
   862 | D:2      | Slain by a hobgoblin
   986 | D:2      | Noticed Terence
   988 | D:2      | Terence changed into Terence the frilled lizard
   988 | D:2      | Noticed Terence
   992 | D:2      | Killed Terence the frilled lizard
  1017 | D:2      | Robin changed into Robin the howler monkey
  1017 | D:2      | Noticed Robin
  1021 | D:2      | Slain by Robin the howler monkey

Illustrated notes

Levels and vault maps discovered:
D:1:      minmay_arrival_four_houses, layout_basic
D:2:      layout_rooms, kennysheep_donut, uniq_robin, uniq_terence

Skill      XL: |  1  2 |
---------------+-------+-----
Dodging        | 3 |  3.3
Fighting       | |  1.4
Unarmed Combat | |  3.5
Shapeshifting  | |  3.8

Action                     || total
---------------------------++-------
  Melee: Unarmed           ||    80
         Bite              ||     7
  Evoke: Wand              ||     2
    Use: Scroll            ||     3
         Potion            ||     1
   Stab: Sleeping          ||     1
 Armour: Skin              ||    45
  Dodge: Dodged            ||    57
   Form: Beast             ||     1

Table legend: (Time is in decaauts)
 A = Elapsed time spent in this place.
 B = Non-inter-level travel time spent in this place.
 C = Inter-level travel time spent in this place.
 D = Time resting spent in this place.
 E = Time spent auto-exploring this place.
 F = Levels seen in this place.
 G = Mean time per level.
                   A        B        C        D        E       F      G
               +--------+--------+--------+--------+--------+-----+--------+
         Total |    852 |    852 |      0 |      0 |    584 |   2 |  426.0 |
       Dungeon |    852 |    852 |      0 |      0 |    584 |   2 |  426.0 |
               +--------+--------+--------+--------+--------+-----+--------+

Top non-repeatable levels by time:
     D:1: 695 daAuts
     D:2: 156 daAuts
